 Dungeon Crawl Stone Soup version 0.30-a0-422-g946f4849ff (webtiles) character file.

Game seed: 11374718157136136848

159520 flotson the Fighter (level 17, -5/121 HPs)
             Began as a Demonspawn Delver on Dec 8, 2022.
             Was the Champion of Hepliaklqana.
             Slain by a +8 triple sword of holy wrath (25 damage)
             ... on level 2 of the Elven Halls.
             The game lasted 01:02:32 (29911 turns).

flotson the Fighter (Demonspawn Delver)            Turns: 29911, Time: 01:02:33

Health: -5/121     AC: 19    Str: 26    XL:     17   Next: 16%
Magic:  23/23      EV: 20    Int: 11    God:    Hepliaklqana [******]
Gold:   1573       SH: 22    Dex: 27    Spells: 16/16 levels left

rFire   . . .      SeeInvis .    a - +7 long sword of the Ageless Tables {spect, *Corrode rN++}
rCold   + + .      Faith    .    p - +0 kite shield
rNeg    + + .      Spirit   .    v - +8 chain mail "Cekhip" {rC++ Dex+4}
rPois   .          Reflect  +    (helmet unavailable)
rElec   +          Harm     .    m - scarf {+Inv}
rCorr   .          Rampage  +    Z - +0 pair of gloves
Will    +....                    E - +0 pair of boots
Stlth   +.........               B - amulet of Trepidation {Reflect Rampage *Corrode rElec Dex+7 SH+5}
HPRegen 0.40/turn                k - +4 ring of evasion
MPRegen 0.18/turn                e - +6 ring of strength

@: corroded, studying Long Blades
A: reduced essence, hooves 2, horns 3, icemail 1, spiny 1, augmentation 1,
condensation shield, weakness stinger 1
a: Renounce Religion, Evoke Invisibility, Recall Ancestor, Ancestor Identity,
Transference, Idealise


You were on level 2 of the Elven Halls.
You worshipped Hepliaklqana.
Hepliaklqana was exalted by your worship.
You visited 5 branches of the dungeon, and saw 25 of its levels.
You visited the Abyss 1 time.
You also visited: Gauntlet and Volcano.

You collected 2721 gold pieces.
You spent 1148 gold pieces at shops.

Inventory:

Hand Weapons
 a - the +7 long sword of the Ageless Tables (weapon) {spect, *Corrode rN++}
   (You found it on level 3 of the Lair of Beasts)

   When its wielder attacks, the weapon's spirit leaps out and strikes again.
   The spirit shares a part of any damage it takes with its wielder.
   rN:        It greatly protects you from negative energy.
   *Corrode:  It may corrode you when you take damage.
 b - a +5 vampiric long sword
Missiles
 f - 4 datura-tipped darts
 u - 17 javelins
 z - 4 curare-tipped darts (quivered)
 G - 9 atropa-tipped darts
 L - 4 silver javelins
Armour
 m - a scarf of invisibility (worn)
 p - a +0 kite shield (worn)
 v - the +8 chain mail "Cekhip" (worn) {rC++ Dex+4}
   (You found it on level 5 of the Lair of Beasts)

   Dex:       It affects your dexterity (+4).
   rC:        It greatly protects you from cold.
 E - a +0 pair of boots (worn)
 Z - a +0 pair of gloves (worn)
Jewellery
 e - a +6 ring of strength (right hand)
 k - a +4 ring of evasion (left hand)
 B - the amulet of Trepidation (around neck) {Reflect Rampage *Corrode rElec Dex+7 SH+5}
   (You found it on level 5 of the Lair of Beasts)

   [amulet of reflection]

   It reflects blocked missile attacks.
   Dex:       It affects your dexterity (+7).
   rElec:     It insulates you from electricity.
   *Corrode:  It may corrode you when you take damage.
   SH:        It affects your SH (+5).
   Rampage:   It bestows one free step when moving towards enemies.
 O - a ring of see invisible
Wands
 g - a wand of digging (2)
 l - a wand of paralysis (5)
 s - a wand of acid (16)
 C - a wand of roots (10)
 I - a wand of mindburst (9)
Scrolls
 c - 6 scrolls of teleportation
 d - 3 scrolls of blinking
 n - a scroll of acquirement {unknown}
 o - 3 scrolls of butterflies
 q - a scroll of fog
 r - 7 scrolls of immolation
 y - a scroll of enchant armour
 A - 5 scrolls of enchant weapon
 D - 3 scrolls of poison
 F - 2 scrolls of torment {unknown}
 J - 3 scrolls of summoning
 N - 4 scrolls of vulnerability
 X - a scroll of silence {unknown}
 Y - a scroll of fear
Potions
 h - 9 potions of curing
 i - 2 potions of resistance
 j - a potion of haste
 t - 2 potions of flight
 w - a potion of ambrosia
 x - 3 potions of lignification
 H - 5 potions of cancellation
 K - 2 potions of attraction
 M - 2 potions of invisibility
 Q - 5 potions of heal wounds
 V - 3 potions of berserk rage
 W - 6 potions of might
Miscellaneous
 P - a lightning rod (4/4)
 R - a phantom mirror
 S - a piece from Xom's chessboard (15/15)
 T - a box of beasts
 U - a tin of tremorstones (2/2)


   Skills:
 + Level 12.6 Fighting
 + Level 12.0 Long Blades
 - Level 2.2(4.2) Axes
 - Level 5.6(5.8) Maces & Flails
 - Level 4.0 Ranged Weapons
 + Level 11.2 Throwing
 + Level 11.2 Armour
 + Level 11.4 Dodging
 - Level 5.0 Stealth
 + Level 6.4 Shields
 - Level 8.0 Invocations
 + Level 12.1 Evocations


You had 16 spell levels left.
You didn't know any spells.
Your spell library contained the following spells:

 Spells                   Type           Power      Damage    Failure   Level
 Apportation              Tloc           0%         N/A       99%         1
 Kiss of Death            Conj/Necr      0%         2d5       99%         1
 Necrotise                Necr           0%         1d4       99%         1
 Slow                     Hex            0%         N/A       99%         1
 Summon Small Mammal      Summ           0%         N/A       99%         1
 Momentum Strike          Conj/Tloc      0%         3d8       100%        2
 Static Discharge         Conj/Air       0%         2-2/arc   100%        2
 Sublimation of Blood     Necr           0%         N/A       100%        2
 Wereblood                Tmut           0%         N/A       100%        2
 Call Canine Familiar     Summ           0%         N/A       100%        3
 Confusing Touch          Hex            0%         N/A       100%        3
 Dazzling Flash           Conj/Hex       0%         N/A       100%        3
 Gell's Gravitas          Tloc           0%         N/A       100%        3
 Mephitic Cloud           Conj/Pois/Air  0%         N/A       100%        3
 Ozocubu's Armour         Ice            0%         N/A       100%        3
 Stone Arrow              Conj/Erth      0%         3d7       100%        3
 Summon Guardian Golem    Hex/Summ       0%         N/A       100%        3
 Teleport Other           Tloc           0%         N/A       100%        3
 Vampiric Draining        Necr           0%         2d6       100%        3
 Vhi's Electric Charge    Tloc/Air       0%         N/A       100%        3
 Animate Armour           Summ/Erth      0%         N/A       100%        4
 Dispel Undead            Necr           0%         3d6       100%        4
 Iskenderun's Mystic Bla  Conj/Tloc      0%         2d3       100%        4
 Leda's Liquefaction      Hex/Erth       0%         N/A       100%        4
 Manifold Assault         Tloc           0%         N/A       100%        4
 Petrify                  Tmut/Erth      0%         N/A       100%        4
 Summon Lightning Spire   Summ/Air       0%         N/A       100%        4
 Arcjolt                  Conj/Air       0%         1d10      100%        5
 Irradiate                Conj/Tmut      0%         3d11      100%        5
 Lee's Rapid Deconstruct  Erth           0%         3d4*      100%        5
 Lightning Bolt           Conj/Air       0%         1d11      100%        5
 Metabolic Englaciation   Hex/Ice        0%         N/A       100%        5
 Silence                  Hex/Air        0%         N/A       100%        5
 Conjure Ball Lightning   Conj/Air       0%         3x3d6     100%        6
 Dispersal                Tloc           0%         N/A       100%        6
 Simulacrum               Ice/Necr       0%         N/A       100%        6
 Starburst                Conj/Fire      0%         6d3       100%        6
 Statue Form              Tmut/Erth      0%         N/A       100%        6
 Storm Form               Tmut/Air       0%         N/A       100%        7
 Summon Hydra             Summ           0%         N/A       100%        7
 Discord                  Hex            0%         N/A       100%        8
 Disjunction              Tloc           0%         N/A       100%        8
 Lehudib's Crystal Spear  Conj/Erth      0%         10d2      100%        8
 Maxwell's Capacitive Co  Air            0%         ∞         100%        8


Dungeon Overview and Level Annotations

Branches:
Dungeon (15/15)            Temple (1/1) D:5            Lair (5/5) D:10
  Swamp (0/4) Lair:3       Spider (0/4) Lair:2        Slime (0/5) Lair:4
    Orc (2/2) D:12            Elf (2/3) Orc:2        Vaults (0/5) D:14
 Depths (0/4) D:15        Volcano (visited)         Gauntlet (visited)

Altars:
Ashenzari
Cheibriados
Dithmenos
Fedhas
Gozag
Hepliaklqana
Kikubaaqudgha
Makhleb
Nemelex Xobeh
Okawaru
Qazlal
Ru
Sif Muna
Trog
Uskayaw
Vehumet
Wu Jian
Xom
Yredelemnul
Jiyva

Shops:
D:2 =   D:4 :   Orc:2 :!*(?

Portals:
Trove: D:15 (give +4 fire dragon scales)

Annotations:
Lair:4 1 runed translucent door
Abyss:1 Gastronok, Harold


Innate Abilities, Weirdness & Mutations

Your life essence is reduced to manifest your ancestor. (-10% HP)
You have hoof-like feet.
You have a pair of large horns on your head.
A meltable icy envelope protects you from harm. (AC +4)
You are partially covered in sharp spines.
Your magical and physical power is slightly enhanced at high health.
A meltable shield of frost defends you. (SH +4)
You have a small tail.


Message History

You miss the +8 triple sword of holy wrath.
Your headbutt misses the +8 triple sword of holy wrath.
Your +7 long sword of the Ageless Tables {spect, *Corrode rN++} barely misses the +8 triple sword of holy wrath.
You block the +8 triple sword of holy wrath's attack.
Unknown command.
You slash the +8 triple sword of holy wrath!
The +8 triple sword of holy wrath is moderately damaged.
Your +7 long sword of the Ageless Tables {spect, *Corrode rN++} closely misses the +8 triple sword of holy wrath.
You block the +8 triple sword of holy wrath's attack.
Unknown command.
You closely miss the +8 triple sword of holy wrath.
Your tail-slap misses the +8 triple sword of holy wrath.
The +8 triple sword of holy wrath is moderately damaged.
Your +7 long sword of the Ageless Tables {spect, *Corrode rN++} hits the +8 triple sword of holy wrath!
You block the +8 triple sword of holy wrath's attack.
Lucia hits the +8 triple sword of holy wrath but does no damage.
You hit the +8 triple sword of holy wrath but do no damage.
You headbutt the +8 triple sword of holy wrath, but do no damage.
The +8 triple sword of holy wrath is heavily damaged.
Your +7 long sword of the Ageless Tables {spect, *Corrode rN++} closely misses the +8 triple sword of holy wrath.
The +8 triple sword of holy wrath hits you!!
Your corrosive artefact corrodes you!
You convulse!
Lucia completely misses the +8 triple sword of holy wrath.
The +8 triple sword of holy wrath completely misses you.
You are too injured to fight recklessly!
Unknown command.
You are too injured to fight recklessly!
Unknown command.
You are too injured to fight recklessly!
Unknown command.
You hit the +8 triple sword of holy wrath but do no damage.
You headbutt the +8 triple sword of holy wrath!
You tail-slap the +8 triple sword of holy wrath, but do no damage.
The +8 triple sword of holy wrath is almost destroyed.
Your +7 long sword of the Ageless Tables {spect, *Corrode rN++} barely misses the +8 triple sword of holy wrath.
Lucia closely misses the +8 triple sword of holy wrath.
The +8 triple sword of holy wrath hits you!!
* * * LOW HITPOINT WARNING * * *
Your corrosive artefact corrodes you!
You convulse!!
You die...

...⌠..##
##.......#.......#...
.......##
#....................
........##
#....................
)).......##
#...........).)......
..........##
#........).###......
...........# #.[...[.)##
##..... .........⌠.#
##R(.....# #.....
...........# ##..(.....##
##.....
#..........###..@.......#
#...)..
##.........##..........##
##.....
##..⌠...).##.)........#
#.....
##...)...'...........#
#...R)
#######''))..........#
#.....( #))...........##
##....( #...............#
#....( #................#
#...e.
#..................
#......


You could see the friendly Lucia the battlemage, a +8 triple sword of holy wrath
(ally target) and a friendly +7 long sword of the Ageless Tables {spect,
*Corrode rN++} (summoned).

Vanquished Creatures
  A deep elf blademaster (Elf:2)
  A deep elf sorcerer (Elf:1)
  A deep elf elementalist (Elf:1)
  The ghost of Wator the Zephyrmancer, a journeyman OpTm of Ashenzari (Elf:1)
  An orc warlord (Orc:2)
  A minotaur (Gauntlet)
  A deep elf death mage (Elf:1)
  An entropy weaver (shapeshifter) (D:14)
  An ice dragon (D:15)
  4 vault guards (D:14)
  A hydra (Lair:4)
  3 centaur warriors
  2 boulder beetles
  4 two-headed ogres
  A tengu warrior (D:8)
  18 dancing weapons
  A catoblepas (D:14)
  13 deep elf knights
  5 skeletal warriors
  The ghost of arthad the Cleaver, a novice GnCA of Ignis (D:8)
  A goliath frog (Lair:5)
  6 deep elf archers
  A bog body (Lair:3)
  5 orc knights (Orc:2)
  10 deep elf zephyrmancers
  3 necromancers (Elf:1)
  An anaconda skeleton (Volcano)
  6 ugly things
  2 orc sorcerers
  2 manticores
  20 deep elf pyromancers
  7 cyclopes
  3 elephants (Lair:5)
  4 black mambas
  Maurice (D:10)
  12 cane toads
  Maggie (D:6)
  2 gargoyles (Volcano)
  5 komodo dragons
  2 kobold demonologists (D:12)
  A rime drake (Lair:3)
  An efreet (D:13)
  A tengu conjurer (D:13)
  8 trolls
  4 tyrant leeches (Lair:5)
  A meliai (D:14)
  A harpy skeleton (Volcano)
  5 saltlings (Orc:2)
  Grinder (D:4)
  16 blink frogs
  Prince Ribbit (D:5)
  6 dream sheep
  A polar bear (Lair:4)
  A slime creature (D:14)
  The ghost of indyram44 the Covered, an amateur GrFi (D:4)
  5 large abominations
  2 shadows
  An alligator skeleton (Volcano)
  2 flying skulls
  5 spriggans (Lair:2)
  Sigmund (D:3)
  6 wyverns
  2 water elementals
  3 wraiths
  Eustachio (D:6)
  2 basilisks
  38 yaks
  5 vampire mosquitoes
  A fire elemental (Elf:1)
  2 steam dragons
  2 acid dragons
  A warg (Orc:1)
  6 water moccasins
  10 orc warriors
  A black bear (D:4)
  An ice beast (D:7)
  8 wolves
  4 ogres
  A phantom (D:2)
  14 centaurs
  A kobold brigand (D:10)
  13 bullfrogs
  A necrophage (D:8)
  9 earth elementals
  2 scorpions (D:5)
  12 wights
  3 killer bees (D:9)
  9 electric eels
  6 howler monkeys
  A spriggan skeleton (Volcano)
  5 hounds
  2 jellies
  11 orc priests
  An iron imp (Gauntlet)
  3 hell rats (Lair:5)
  3 iguanas
  15 orc wizards
  A naga skeleton (Volcano)
  16 gnolls
  5 adders
  2 white imps
  2 ufetubi
  2 worms
  43 orcs
  4 bats
  9 endoplasms
  A giant cockroach (D:1)
  4 goblins
  7 hobgoblins
  7 jackals
  2 quokkas
  5 ball pythons
  3 frilled lizards (D:1)
  13 kobolds
  5 rats
557 creatures vanquished.

Vanquished Creatures (collateral kills)
  2 fire dragons (D:15)
  A rakshasa (D:14)
  A hell beast (Gauntlet)
  2 boulder beetles
  A catoblepas (Lair:2)
  5 dancing weapons
  An orc high priest (Orc:2)
  5 deep elf knights
  Amaemon (D:8)
  6 skeletal warriors
  A wizard (D:14)
  5 deep elf pyromancers
  2 ugly things
  2 deep elf zephyrmancers (Elf:2)
  A manticore (D:8)
  3 orc knights (Orc:2)
  A cyclops (D:14)
  An elephant (Lair:5)
  2 gargoyles
  An orange demon (D:8)
  7 cane toads
  2 rime drakes
  An efreet (D:14)
  3 komodo dragons
  A troll (D:14)
  A polar bear (Lair:2)
  2 meliai (D:14)
  A hornet (D:8)
  2 saltlings (Orc:2)
  5 dream sheep
  10 blink frogs
  4 flying skulls
  A ynoxinul (Abyss:2)
  10 yaks
  A wraith (D:8)
  A wyvern (D:8)
  2 fire elementals
  3 basilisks
  A golden eye (shapeshifter) (D:15)
  5 vampire mosquitoes
  2 wargs (Orc:2)
  3 water moccasins
  5 orc warriors
  A black bear (Lair:1)
  2 ice beasts
  2 ogres (Orc:1)
  A centaur (D:11)
  A wolf (Lair:3)
  2 kobold brigands
  3 bullfrogs (Lair:5)
  An elf zombie (Elf:1)
  2 gnoll sergeants (D:12)
  A wight (D:10)
  A killer bee (D:8)
  An electric eel (Lair:3)
  A lava snake (D:7)
  An orc priest (Orc:1)
  5 orc wizards
  A hell rat (Lair:5)
  5 gnolls
  2 adders (D:6)
  13 orcs
  9 kobolds
  2 pillars of salt (Orc:2)
174 creatures vanquished.

Vanquished Creatures (others)
  A deep elf knight (Elf:1)
  24 battlemagi
  2 ancestors
  40 fungi
  4 pillars of salt (Orc:2)
  108 plants
179 creatures vanquished.

Grand Total: 910 creatures vanquished

Notes
Turn   | Place    | Note
-------+----------+-------------------------------------------
     0 | D:5      | flotson the Demonspawn Delver began the quest for the Orb.
     0 | D:5      | Reached XP level 1. HP: 18/18 MP: 1/1
    10 | D:5      | Noticed an orc wizard
    36 | D:4      | Noticed Grinder
    36 | D:4      | Paralysed by Grinder for 3 turns
   298 | D:2      | Gained mutation: You are partially covered in sharp spines.
                  | [demonic ancestry]
   298 | D:2      | Reached XP level 2. HP: 13/24 MP: 2/2
   385 | D:2      | Found Oresifa's Jewellery Boutique.
   606 | D:1      | Reached skill level 1 in Evocations
   616 | D:1      | Reached XP level 3. HP: 29/29 MP: 3/3
  1568 | D:2      | Noticed a phantom
  1592 | D:2      | Killed a phantom
  1593 | D:2      | Reached skill level 1 in Throwing
  1593 | D:2      | Reached skill level 1 in Armour
  1593 | D:2      | Gained mutation: A meltable shield of frost defends you.
                  | (SH +4) [demonic ancestry]
  1593 | D:2      | Reached XP level 4. HP: 16/35 MP: 4/4
  2132 | D:2      | Found a faded altar of an unknown god.
  2550 | D:3      | Reached skill level 5 in Stealth
  2550 | D:3      | Discovered your monstrous ancestry.
  2550 | D:3      | Gained mutation: You have a pair of small horns on your
                  | head. [demonic ancestry]
  2550 | D:3      | Reached XP level 5. HP: 41/41 MP: 5/5
  2552 | D:3      | Found an ancient bone altar of Kikubaaqudgha.
  2739 | D:3      | Noticed Sigmund
  2771 | D:3      | Killed Sigmund
  2772 | D:3      | Reached XP level 6. HP: 46/48 MP: 6/6
  2989 | D:4      | Noticed an ice beast
  3166 | D:4      | Identified the +0 ring mail "Exyonk" {Dex+4 Slay+6}
  3342 | D:4      | Found Leituddi's Self-Improvement Boutique.
  3383 | D:4      | Paralysed by Grinder for 4 turns
  3680 | D:4      | Found a runed translucent door.
  3684 | D:4      | Noticed indyram44's ghost (amateur GrFi)
  3936 | D:5      | Found a staircase to the Ecumenical Temple.
  3953 | Temple   | Entered the Ecumenical Temple
  3980 | Temple   | Became a worshipper of Hepliaklqana the Forgotten
  4041 | D:5      | Noticed Prince Ribbit
  4057 | D:5      | Killed Prince Ribbit
  4058 | D:5      | Reached skill level 1 in Invocations
  4058 | D:5      | Gained mutation: A meltable icy envelope protects you from
                  | harm. (AC +4) [demonic ancestry]
  4058 | D:5      | Reached XP level 7. HP: 35/55 MP: 6/8
  4512 | D:5      | Reached XP level 8. HP: 61/61 MP: 8/10
  4569 | D:5      | Reached * piety under Hepliaklqana
  4750 | D:5      | Reached skill level 5 in Fighting
  5075 | D:4      | Killed Grinder
  5076 | D:4      | Reached skill level 1 in Ranged Weapons
  5286 | D:4      | Killed indyram44's ghost
  5888 | D:6      | Found a shimmering blue altar of Sif Muna.
  5911 | D:6      | Noticed Maggie
  5932 | D:6      | Killed Maggie
  5933 | D:6      | Gained mutation: You have a small tail. [demonic ancestry]
  5933 | D:6      | Reached XP level 9. HP: 24/62 MP: 12/12
  6175 | D:6      | Noticed Eustachio
  6186 | D:6      | Killed Eustachio
  6274 | D:6      | Reached skill level 5 in Invocations
  6846 | D:7      | Reached skill level 5 in Dodging
  6905 | D:7      | Reached skill level 5 in Evocations
  7071 | D:7      | Reached ** piety under Hepliaklqana
  7072 | D:7      | Remembered your ancestor Lucia as a battlemage
  7239 | D:7      | Found a bloodstained altar of Trog.
  7239 | D:7      | Found an opulent altar of Gozag.
  7281 | D:7      | Found a hide-covered altar of Uskayaw.
  7696 | D:8      | Found a runed translucent gate.
  7696 | D:8      | Found a runed translucent gate.
  7697 | D:8      | Noticed arthad's ghost (novice GnCA)
  7698 | D:8      | Found a runed translucent gate.
  7701 | D:8      | Noticed an orange demon
  7706 | D:8      | Killed an orange demon
  7712 | D:8      | Noticed Amaemon
  7721 | D:8      | Killed Amaemon
  7722 | D:8      | Reached skill level 5 in Armour
  7722 | D:8      | Gained mutation: You have large cloven feet. [demonic
                  | ancestry]
  7722 | D:8      | Reached XP level 10. HP: 60/69 MP: 14/14
  7734 | D:8      | Reached skill level 5 in Throwing
  7853 | D:8      | Noticed a tengu warrior
  8403 | D:8      | Found a stormy altar of Qazlal.
  8579 | D:8      | Identified the +8 great mace of Megec {distort, Str+3}
  8599 | D:8      | Killed a tengu warrior
  8608 | D:8      | Noticed a boulder beetle
  8703 | D:8      | Noticed a manticore
  8706 | D:8      | Noticed a manticore
  8708 | D:8      | Killed a manticore
  8710 | D:8      | Noticed a cyclops
  8712 | D:8      | Killed a manticore
  8713 | D:8      | Reached skill level 1 in Maces & Flails
  8903 | D:8      | Banished a cyclops
  9263 | D:8      | Found a snail-covered altar of Cheibriados.
  9355 | D:8      | Noticed a boulder beetle
  9364 | D:8      | Killed a boulder beetle
  9507 | D:8      | Killed arthad's ghost
  9508 | D:8      | Gained mutation: You have a pair of horns on your head.
                  | [demonic ancestry]
  9508 | D:8      | Reached XP level 11. HP: 75/75 MP: 16/16
  9895 | D:9      | Reached *** piety under Hepliaklqana
 10120 | D:10     | Entered Level 10 of the Dungeon
 10120 | D:10     | Noticed Maurice
 10125 | D:10     | Killed Maurice
 10454 | D:10     | Noticed a two-headed ogre
 10456 | D:10     | Banished a two-headed ogre
 11156 | D:10     | Found a staircase to the Lair.
 11162 | Lair:1   | Entered Level 1 of the Lair of Beasts
 11260 | Lair:1   | Identified the +1 scale mail of Boredom {rElec}
 11466 | Lair:1   | Reached **** piety under Hepliaklqana
 11506 | Lair:1   | Gained mutation: You have hoof-like feet. [demonic
                  | ancestry]
 11506 | Lair:1   | Reached XP level 12. HP: 32/84 MP: 18/18
 12356 | Lair:2   | Noticed Gastronok
 12367 | Lair:2   | Banished Gastronok
 12380 | Lair:2   | Noticed Harold
 12391 | Lair:2   | Banished Harold
 12392 | Lair:2   | Reached skill level 5 in Maces & Flails
 12597 | Lair:2   | Noticed a catoblepas
 12599 | Lair:2   | Found a hole to the Spider Nest.
 12609 | Lair:2   | Killed a catoblepas
 12747 | Lair:2   | Identified the +1 leather armour "Yxkurr" {rC+}
 13283 | Lair:3   | Identified the +7 long sword of the Ageless Tables {spect,
                  | *Corrode rN++}
 13953 | Lair:3   | Found a staircase to the Swamp.
 13958 | Lair:3   | Reached skill level 1 in Long Blades
 13958 | Lair:3   | Gained mutation: You have a pair of large horns on your
                  | head. [demonic ancestry]
 13958 | Lair:3   | Reached XP level 13. HP: 90/90 MP: 19/19
 14252 | Lair:4   | Reached ***** piety under Hepliaklqana
 14267 | Lair:4   | Found a runed translucent door.
 14267 | Lair:4   | Found a viscous altar of Jiyva.
 14279 | Lair:4   | Found a staircase to the Slime Pits.
 14298 | Lair:4   | Reached XP level 14. HP: 98/98 MP: 20/20
 14363 | Lair:4   | Found a dark tunnel.
 14376 | Volcano  | Entered a volcano
 15115 | Lair:4   | Reached skill level 10 in Fighting
 15585 | Lair:5   | Entered Level 5 of the Lair of Beasts
 15666 | Lair:5   | Got the Verses on Topological Air
 15803 | Lair:5   | Identified the +0 robe "Caesefok" {rC+ Str+2 Dex-2}
 15873 | Lair:5   | Identified the +8 chain mail "Cekhip" {rC++ Dex+4}
 16017 | Lair:5   | Identified the amulet of Trepidation {Reflect Rampage
                  | *Corrode rElec Dex+7 SH+5}
 16035 | Lair:5   | Identified the +10 morningstar of Departure {freeze, rN+
                  | Int+7 Stlth-}
 17409 | D:4      | Bought a manual of Long Blades for 1040 gold pieces
 17542 | D:11     | Reached skill level 10 in Evocations
 18725 | D:12     | Found a staircase to the Orcish Mines.
 18868 | D:12     | Reached skill level 1 in Shields
 18874 | D:12     | Reached ****** piety under Hepliaklqana
 18955 | D:12     | Gained mutation: Your magical and physical power is
                  | slightly enhanced at high health. [demonic ancestry]
 18955 | D:12     | Reached XP level 15. HP: 105/105 MP: 21/21
 19126 | D:12     | Identified the +1 plate armour "Muab" {+Blink rElec rCorr}
 22445 | Abyss:2  | Cast into level 2 of the Abyss (a wizard)
 22537 | D:14     | Escaped the Abyss
 22547 | D:14     | Reached skill level 10 in Dodging
 22974 | D:14     | Found a gate to the Vaults.
 23056 | D:14     | Reached skill level 10 in Armour
 23065 | D:15     | Entered Level 15 of the Dungeon
 23090 | D:15     | Reached skill level 10 in Throwing
 23265 | D:15     | Found a portal to a secret trove of treasure.
 23306 | D:15     | Found a gate leading to a gauntlet.
 23312 | D:15     | Found the +4 robe of Folly {Brilliance Will-∞ Int+8}
 23317 | Gauntlet | Entered a Gauntlet
 23317 | Gauntlet | Found a transporter.
 23538 | Gauntlet | Found a transporter.
 23549 | Gauntlet | Found a transporter.
 23554 | Gauntlet | Found a transporter.
 23569 | Gauntlet | Found a transporter.
 23588 | Gauntlet | Found a transporter.
 23600 | Gauntlet | Found a transporter.
 23612 | Gauntlet | Found a transporter.
 23624 | Gauntlet | Found a transporter.
 23636 | Gauntlet | Found a transporter.
 23653 | Gauntlet | Found a transporter.
 23671 | Gauntlet | Found a transporter.
 23673 | Gauntlet | Found a transporter.
 23700 | Gauntlet | Found a transporter.
 23700 | Gauntlet | Found a transporter.
 23720 | Gauntlet | Found a transporter.
 23798 | Gauntlet | Found a transporter.
 23818 | Gauntlet | Found a transporter.
 24056 | Gauntlet | Identified the +5 war axe "Xevvis" {drain, rN+ Str+2}
 24854 | D:15     | Found a staircase to the Depths.
 25134 | Orc:1    | Entered Level 1 of the Orcish Mines
 25342 | Orc:1    | Found a burning altar of Makhleb.
 25514 | Orc:2    | Entered Level 2 of the Orcish Mines
 25514 | Orc:2    | Found Pumobb's Magic Scroll Shoppe.
 25609 | Orc:2    | Bought a scroll of identify for 28 gold pieces
 25647 | Orc:2    | Found a staircase to the Elven Halls.
 25700 | Orc:2    | Reached skill level 10 in Long Blades
 25965 | Orc:2    | Reached XP level 16. HP: 114/114 MP: 22/22
 26272 | Orc:2    | Found Nodweryo's Distillery.
 26321 | Orc:2    | Found Jexissax's Book Shoppe.
 26332 | Orc:2    | Bought a potion of ambrosia for 80 gold pieces
 26537 | Orc:2    | Found Kitil's Weapon Boutique.
 26570 | Orc:2    | Found Beh Meta's General Store.
 26797 | Elf:1    | Entered Level 1 of the Elven Halls
 27219 | Elf:1    | Reached skill level 5 in Shields
 27512 | Elf:1    | Paralysed by an orc sorcerer for 3 turns
 27555 | Elf:1    | Found a runed translucent door.
 27558 | Elf:1    | Noticed Wator's ghost (journeyman OpTm)
 27767 | Elf:1    | Killed Wator's ghost
 29119 | Elf:2    | Found a runed translucent gate.
 29120 | Elf:2    | Found a runed translucent gate.
 29120 | Elf:2    | Found a runed translucent gate.
 29232 | Elf:2    | Noticed a deep elf blademaster
 29250 | Elf:2    | Killed a deep elf blademaster
 29408 | Elf:2    | Reached XP level 17. HP: 95/121 MP: 23/23
 29911 | Elf:2    | Slain by a +8 triple sword of holy wrath

Illustrated notes

Levels and vault maps discovered:
D:1:      elethiomel_arrival_shortcut, layout_basic,
          chequers_serial_rivers_micro_a, nicolae_figureground_pulse
D:2:      layout_basic, serial_shops, shop, chequers_ecumenical_altar_grove
D:3:      layout_loops_ring, mainiacjoe_overflow_concentric_impassable,
          uniq_sigmund
D:4:      layout_basic, ebering_ghost_reflecting_pool, nicolae_shop_self_help,
          uniq_grinder
D:5:      layout_loops_corners, minmay_temple_entry_waves,
          serial_park_tiny_pond, uniq_prince_ribbit1
D:6:      layout_layer_cave, marbit_many_paths, minmay_misc_feat_tiny,
          uniq_maggie, uniq_eustachio
D:7:      layout_loops_cross, gammafunk_temple_overflow_pools,
          nicolae_overflow_two_pavilions, fountainhead
D:8:      minmay_the_grid_triangle_9x9_rhombus_thin
          [minmay_the_grid_triangle_9x9_odd_lines,
          minmay_the_grid_triangle_9x9_prize_schism,
          minmay_the_grid_triangle_9x9_dagger,
          minmay_the_grid_triangle_9x9_semitri], layout_basic,
          general_overflow_altar, mainiacjoe_overflow_catwalk,
          ebering_ghost_rock_garden, chequers_serial_rivers_room_b, uniq_amaemon
D:9:      layout_cave_pools, serial_bayou_pond_e, minivault_5
D:10:     layout_roguey, erik_lair_dragon, minmay_statues_item, uniq_maurice
D:11:     layout_basic
D:12:     layout_basic
D:13:     layout_loops_ring, evilmike_butchery
D:14:     layout_rooms, lightli_vaults_fourway_checkpoint,
          hangedman_cracks_in_the_wall
D:15:     grunt_enter_depths_hoard, layout_basic, enter_trove_0,
          gauntlet_entry_generic
Temple:   nicolae_temple_ecumenical_triangle
Lair:1:   layout_roguey, lemuel_fruit_fields
Lair:2:   kb_forest_paths, layout_chaotic_city, spider_nest_entry_web_field,
          uniq_gastronok, uniq_harold
Lair:3:   layout_hall_layers, skrybe_swamp_entry_bodies, disabler_island,
          serial_bayou_shore_b, serial_bayou_shore_b
Lair:4:   layout_gridlike, slime_entry_2, enter_volcano_1
Lair:5:   minmay_lair_end_frog_pond, layout_layer_cave
Orc:1:    layout_caves, basic_altar, uniq_snorg, uniq_fannar
Orc:2:    hellmonk_orc_salted, layout_caves, serial_shops, nicolae_shop_trees
Elf:1:    nicolae_elf_arrival_fired_up, layout_rooms,
          ebering_ghost_reflecting_pool, minmay_elf_necromancy
Elf:2:    nicolae_elf_blades_crystal_corner, layout_geoelf_diagonals,
          feat_on_display

Skill      XL: |  1  2  3  4  5  6  7  8  9 10 11 12 13 14 15 16 17 |
---------------+----------------------------------------------------+-----
Dodging        | 2 3 4 5 6 7 8 9 10 11 | 11.4
Evocations     | 1 2 3 4 5 6 7 8 9 10 11 12 | 12.1
Throwing       | 1 2 3 4 5 6 8 9 10 11 | 11.2
Armour         | 1 2 3 4 5 6 7 8 9 10 11 | 11.2
Stealth        | 5 |  5.0
Fighting       | 4 5 6 7 8 9 10 11 12 | 12.6
Invocations    | 1 2 4 6 7 8 |  8.0
Ranged Weapons | 2 3 4 |  4.0
Axes           | 2 |  2.2
Maces & Flails | 2 4 5 |  5.6
Long Blades    | 1 6 8 10 11 12 | 12.0
Shields        | 1 4 6 |  6.4

Action                   |  1- 3 |  4- 6 |  7- 9 | 10-12 | 13-15 | 16-18 || total
-------------------------+-------+-------+-------+-------+-------+-------++-------
Melee: Hand axe          |    48 |    16 |       |       |       |       ||    64
       Headbutt          |       |     2 |    10 |    53 |   174 |    71 ||   310
       War axe           |       |       |    30 |       |       |       ||    30
       Unarmed           |       |       |     7 |       |       |       ||     7
       Punch             |       |       |     2 |       |     2 |       ||     4
       Tailslap          |       |       |     2 |    26 |   119 |    59 ||   206
       Great mace        |       |       |       |   191 |       |       ||   191
       Battleaxe         |       |       |       |    15 |       |       ||    15
       Kick              |       |       |       |    59 |   105 |       ||   164
       Long sword        |       |       |       |    20 |   568 |   286 ||   874
       Demon blade       |       |       |       |       |     3 |       ||     3
 Fire: Sling             |    66 |   107 |   223 |    10 |       |       ||   406
Throw: Dart              |       |       |       |     7 |       |     1 ||     8
Invok: Ancestor Life: Ba |       |       |     1 |       |       |       ||     1
       Recall Ancestor   |       |       |       |       |     3 |     1 ||     4
Evoke: Wand              |       |       |       |     6 |     7 |       ||    13
  Use: Scroll            |     2 |     1 |       |    14 |    12 |    10 ||    39
       Potion            |     1 |       |     1 |     4 |     1 |     2 ||     9
 Stab: Sleeping          |     2 |       |       |     3 |       |       ||     5
       Distracted        |       |       |       |     4 |    21 |     9 ||    34
Armor: Ring mail         |    28 |    11 |    19 |    69 |    17 |       ||   144
       Skin              |       |       |     1 |       |       |       ||     1
       Chain mail        |       |       |       |       |    92 |    56 ||   148
       Plate armour      |       |       |       |       |    21 |       ||    21
Dodge: Dodged            |    55 |    60 |    70 |   154 |   253 |    82 ||   674
Block: Other             |       |    18 |    40 |   101 |    86 |       ||   245
       Reflection        |       |       |     2 |     9 |    31 |    27 ||    69
       Buckler           |       |       |       |       |    49 |       ||    49
       Kite shield       |       |       |       |       |   248 |   202 ||   450

Table legend: (Time is in decaauts)
 A = Elapsed time spent in this place.
 B = Non-inter-level travel time spent in this place.
 C = Inter-level travel time spent in this place.
 D = Time resting spent in this place.
 E = Time spent auto-exploring this place.
 F = Levels seen in this place.
 G = Mean time per level.
                   A        B        C        D        E       F      G
               +--------+--------+--------+--------+--------+-----+--------+
         Total |  30280 |  27930 |   2350 |   1726 |  21263 |  28 | 1081.4 |
       Dungeon |  18327 |  16597 |   1730 |   1082 |  12765 |  15 | 1221.8 |
        Temple |     44 |     27 |     17 |      0 |     12 |   1 |   44.0 |
          Lair |   5487 |   4943 |    544 |      9 |   3939 |   5 | 1097.4 |
  Orcish Mines |   1669 |   1638 |     31 |      0 |   1407 |   2 |  834.5 |
   Elven Halls |   3114 |   3088 |     26 |    634 |   1904 |   2 | 1557.0 |
         Abyss |     93 |     93 |      0 |      0 |     53 |   1 |   93.0 |
       Volcano |    582 |    582 |      0 |      0 |    460 |   1 |  582.0 |
      Gauntlet |    960 |    960 |      0 |      0 |    722 |   1 |  960.0 |
               +--------+--------+--------+--------+--------+-----+--------+

Top non-repeatable levels by time:
    D:13: 2012 daAuts
     D:8: 1832 daAuts
   Elf:1: 1617 daAuts
    D:10: 1554 daAuts
  Lair:5: 1552 daAuts
  Lair:2: 1545 daAuts
   Elf:2: 1496 daAuts
    D:14: 1335 daAuts
   Orc:2: 1288 daAuts
     D:5: 1278 daAuts
     D:4: 1242 daAuts
     D:7: 1215 daAuts
     D:2: 1206 daAuts
    D:12: 1189 daAuts
     D:6: 1167 daAuts
